 Dungeon Crawl Stone Soup version 0.28.0-1-gb440e238dd (webtiles) character file.

Game seed: 10854832173476115308

2 Angani the Sneak (level 1, -2/19 HPs)
             Began as a Draconian Delver on Feb 20, 2022.
             Was an Initiate of Wu Jian.
             Slain by a worm (7 damage)
             ... on level 3 of the Dungeon.
             The game lasted 00:01:31 (678 turns).

Angani the Sneak (Draconian Delver)                  Turns: 678, Time: 00:01:32

Health: -2/19      AC:  4    Str: 14    XL:     1   Next: 25%
Magic:  10/10      EV: 12    Int: 10    God:    Wu Jian [......]
Gold:   51         SH:  0    Dex: 12    Spells: 0/0 levels left

rFire   . . .      SeeInvis .     - Unarmed
rCold   . . .      Faith    .   (no shield)
rNeg    . . .      Spirit   .   (armour unavailable)
rPois   +          Reflect  .   (helmet restricted)
rElec   .          Harm     .   (no cloak)
rCorr   .          Rampage  .   (no gloves)
Will    .....                   (no boots)
Stlth   +++.......              (no amulet)
HPRegen 0.06/turn               i - ring of magical power
MPRegen 0.12/turn               f - ring of poison resistance

@: no status effects
A: AC +4, unfitting armour, cold-blooded
a: Renounce Religion


You were on level 3 of the Dungeon.
You worshipped Wu Jian.
Wu Jian was noncommittal.
You visited 1 branch of the dungeon, and saw 3 of its levels.

You collected 51 gold pieces.

Inventory:

Jewellery
 f - a ring of poison resistance (right hand)
 i - a ring of magical power (left hand)
Wands
 e - a wand of digging (3)
 j - a wand of mindburst (7)
Scrolls
 a - 2 scrolls of fog
 b - a scroll of magic mapping
 c - a scroll of fear
 h - a scroll of identify {unknown}
Potions
 d - a potion of haste
 g - a potion of lignification {unknown}


   Skills:
 - Level 3.2 Fighting
 - Level 1.7 Dodging
 - Level 4.5 Stealth
 + Level 2.2 Unarmed Combat


You couldn't memorise any spells.
You didn't know any spells.
Your spell library was empty.

Dungeon Overview and Level Annotations

Branches:
Dungeon (5/15)
 Temple: D:4-7

Altars:
Wu Jian

Annotations:
D:5 exclusions: scorpion, water moccasin and 1 more exclusion, Menkaure


Innate Abilities, Weirdness & Mutations

Your plain brown scales are hard. (AC +4)
You cannot fit into any form of body armour.
You are cold-blooded and may be slowed by cold attacks.


Message History

The worm is lightly wounded.
The worm completely misses you.
You hit the worm.
You tail-slap the worm, but do no damage.
The worm is lightly wounded.
You hit the worm.
You tail-slap the worm, but do no damage.
The worm is heavily wounded.
The worm completely misses you.
You hit the worm.
The worm is severely wounded.
You barely miss the worm.
The worm is severely wounded.
The worm bites you but does no damage.
You hit the worm but do no damage.
The worm is heavily wounded.
Okay, then.
You hit the worm.
The worm is severely wounded.
The worm bites you!
You barely miss the worm.
Your tail-slap misses the worm.
The worm is heavily wounded.
You hit the worm.
The worm is severely wounded.
The worm bites you but does no damage.
You hit the worm.
The worm is severely wounded.
You hit the worm.
The worm is severely wounded.
The worm bites you.
* * * LOW HITPOINT WARNING * * *
You hit the worm.
The worm is almost dead.
The worm closely misses you.
You barely miss the worm.
The worm is severely wounded.
You hit the worm.
The worm is almost dead.
The worm bites you!
You die...

################
#..............#
#.############.#
#@# #########.#
#w#
..........###
#.#
########.....
... +..... #..
#..... ....
#..... ....
#..... .....
#..... .......


You could see a worm.

Vanquished Creatures
  An orc (D:5)
1 creature vanquished.

Notes
Turn   | Place    | Note
-------+----------+-------------------------------------------
     0 | D:5      | Angani the Draconian Delver began the quest for the Orb.
     0 | D:5      | Reached XP level 1. HP: 19/19 MP: 1/1
    24 | D:5      | Noticed a water moccasin
    90 | D:5      | Noticed Menkaure
   143 | D:5      | Found an ornate altar of the Wu Jian Council.
   182 | D:5      | Became a worshipper of the Wu Jian Council
   289 | D:4      | Noticed an orc priest
   399 | D:5      | Noticed a scorpion
   450 | D:5      | Noticed an ice beast
   482 | D:4      | Noticed an orc wizard
   678 | D:3      | Slain by a worm

Illustrated notes

Levels and vault maps discovered:
D:3:      layout_basic, mainiacjoe_overflow_concentric_impassable,
          lemuel_doored_altar, lemuel_old_faithful
D:4:      layout_rooms, uniq_crazy_yiuf_cottage
D:5:      layout_loops_corners, amcnicky_altar_gilded,
          hangedman_abyss_or_decor_lesser_grid, uniq_menkaure

Action                   || total
-------------------------++-------
Melee: Unarmed           ||    25
       Tailslap          ||     3
  Use: Scroll            ||     1
Armor: Skin              ||     3
Dodge: Dodged            ||    10
